 Dungeon Crawl Stone Soup version 0.30-a0-365-ge7f957f1db (webtiles) character file.

Game seed: 14907669441068930595

91 qeuew the Conjurer (level 4, -5/25 HPs)
             Began as a Tengu Conjurer on Nov 17, 2022.
             Slain by a gnoll
             ... wielding a +0 spear
              (7 damage)
             ... on level 2 of the Dungeon.
             The game lasted 00:01:45 (1392 turns).

qeuew the Conjurer (Tengu Conjurer)                 Turns: 1392, Time: 00:01:46

Health: -5/25      AC:  2    Str:  9    XL:     4   Next: 57%
Magic:  0/8        EV: 12    Int: 19    God:
Gold:   36         SH:  0    Dex: 12    Spells: 5/8 levels left

rFire   . . .      SeeInvis .    (no weapon)
rCold   . . .      Faith    .    (no shield)
rNeg    . . .      Spirit   .    a - +0 robe
rPois   .          Reflect  .    (helmet restricted)
rElec   .          Harm     .    (no cloak)
rCorr   .          Rampage  .    (no gloves)
Will    .....                    (boots unavailable)
Stlth   ++........               (no amulet)
HPRegen 0.24/turn                (no ring)
MPRegen 0.11/turn                (no ring)

@: no status effects
A: beak, talons 3
a: no special abilities


You were on level 2 of the Dungeon.
You visited 1 branch of the dungeon, and saw 2 of its levels.

You collected 36 gold pieces.

Inventory:

Armour
 a - a +0 robe (worn)
Scrolls
 i - a scroll of enchant armour
Potions
 b - a potion of magic


   Skills:
 + Level 1.4 Fighting
 * Level 2.1 Armour
 + Level 3.0 Dodging
 - Level 2.0 Stealth
 + Level 2.5 Spellcasting
 + Level 5.8 Conjurations


You had 5 spell levels left.
You knew the following spells:

 Your Spells              Type           Power      Damage    Failure   Level
a - Magic Dart            Conj           96%        1d7       1%          1
b - Searing Ray           Conj           48%        2d6       2%          2

Your spell library contained the following spells:

 Spells                   Type           Power      Damage    Failure   Level
 Dazzling Flash           Conj/Hex       26%        N/A       14%         3
 Hailstorm                Conj/Ice       13%        3d5       14%         3
 Freeze                   Ice            8%         1d3       16%         1
 Frozen Ramparts          Ice            4%         1d1       43%         3
 Fulminant Prism          Conj/Hex       6%         3d7       43%         4
 Iskenderun's Mystic Bla  Conj/Tloc      13%        2d5       43%         4


Dungeon Overview and Level Annotations

Branches:
Dungeon (2/15)

Altars:


Innate Abilities, Weirdness & Mutations

You have a beak for a mouth.
You have claws for feet.


Message History

Press: ? - help, Q - select action, (/) - cycle Shift-Dir - straight line, f - gnoll
Aim: a gnoll, wielding a +0 whip (almost dead, 100% to hit)
The magic dart hits the gnoll.
You kill the gnoll!
The gnoll hits you from afar with a +0 spear!
Your Dodging skill increases to level 3!
The gnoll hits you with a +0 spear.
Items here: )) †††.
You closely miss the gnoll. Your kick misses the gnoll. You peck the gnoll.
The gnoll is moderately wounded.
The gnoll hits you with a +0 spear.
* * * LOW HITPOINT WARNING * * *
You barely miss the gnoll. Your kick misses the gnoll. You peck the gnoll.
The gnoll is heavily wounded.
The gnoll hits you with a +0 spear.
* * * LOW HITPOINT WARNING * * *
You hit the gnoll but do no damage. Your peck misses the gnoll.
The gnoll is heavily wounded.
The gnoll closely misses you.
You hit the gnoll but do no damage. Your peck misses the gnoll.
The gnoll is heavily wounded.
The gnoll hits you with a +0 spear.
* * * LOW HITPOINT WARNING * * *
You hit the gnoll but do no damage. Your peck misses the gnoll.
The gnoll is heavily wounded.
The gnoll closely misses you.
You hit the gnoll but do no damage.
The gnoll is heavily wounded.
The gnoll closely misses you.
You hit the gnoll but do no damage. Your kick misses the gnoll.
The gnoll is heavily wounded.
The gnoll hits you with a +0 spear.
* * * LOW HITPOINT WARNING * * *
Aiming: Magic Dart (safe; 1% risk of failure)
Press: ? - help, Q - select action, (/) - cycle Shift-Dir - straight line, f - gnoll
Aim: a gnoll, wielding a +0 spear (heavily wounded, 100% to hit)
The magic dart hits the gnoll.
The gnoll is severely wounded.
The gnoll hits you with a +0 spear!
You die...

†.##........##
###...........
####.#####..#
##..........
#.# #.##
##.........
#.# . #
##........^
..#
##..........
###
#...........
###.##...#..#.
#...##........
#@####....##..
#.)g# #...##
......# #...#
........#
#...#
........#
###.#
.)......# .#
........#
........#


You could see a gnoll.

Vanquished Creatures
  5 gnolls
  An adder (D:2)
  A worm (D:2)
  5 dart slugs
  A ball python (D:1)
  3 bats
  2 endoplasms (D:1)
  A giant cockroach (D:2)
  2 hobgoblins (D:1)
  A frilled lizard (D:1)
  A kobold (D:1)
  3 rats (D:1)
26 creatures vanquished.

Notes
Turn   | Place    | Note
-------+----------+-------------------------------------------
     0 | D:1      | qeuew the Tengu Conjurer began the quest for the Orb.
     0 | D:1      | Reached XP level 1. HP: 10/10 MP: 4/4
    66 | D:1      | Reached XP level 2. HP: 2/16 MP: 0/6
   120 | D:1      | Learned a level 2 spell: Searing Ray
   534 | D:1      | Reached skill level 1 in Armour
   635 | D:1      | Reached skill level 1 in Fighting
   635 | D:1      | Reached XP level 3. HP: 20/20 MP: 2/7
  1265 | D:2      | Reached XP level 4. HP: 24/25 MP: 1/8
  1392 | D:2      | Slain by a gnoll

Illustrated notes

Levels and vault maps discovered:
D:1:      evilmike_arrival_home_sweet_home, layout_basic,
          chequers_serial_rivers_small_a
D:2:      layout_rooms, kennysheep_doodads

Skill      XL: |  1  2  3  4 |
---------------+-------------+-----
Armour         | 1 2 |  2.1
Fighting       | 1 |  1.4
Dodging        | 3 |  3.0
Stealth        | |  2.0
Spellcasting   | |  2.5
Conjurations   | |  5.8

Action                   |  1- 3 |  4- 6 || total
-------------------------+-------+-------++-------
Melee: Unarmed           |     6 |     7 ||    13
       Kick              |     2 |       ||     2
       Peck              |       |     2 ||     2
 Cast: Magic Dart        |    60 |     8 ||    68
       Searing Ray       |       |     1 ||     1
  Use: Potion            |     4 |       ||     4
       Scroll            |     3 |       ||     3
Dodge: Dodged            |     6 |     6 ||    12

Table legend: (Time is in decaauts)
 A = Elapsed time spent in this place.
 B = Non-inter-level travel time spent in this place.
 C = Inter-level travel time spent in this place.
 D = Time resting spent in this place.
 E = Time spent auto-exploring this place.
 F = Levels seen in this place.
 G = Mean time per level.
                   A        B        C        D        E       F      G
               +--------+--------+--------+--------+--------+-----+--------+
         Total |   1394 |   1310 |     84 |     60 |   1094 |   2 |  697.0 |
       Dungeon |   1394 |   1310 |     84 |     60 |   1094 |   2 |  697.0 |
               +--------+--------+--------+--------+--------+-----+--------+

Top non-repeatable levels by time:
     D:1: 1111 daAuts
     D:2: 283 daAuts
